 Dungeon Crawl Stone Soup version 0.25.1-2-g60ff931df9 (webtiles) character file.

Game seed: 13642972862139975773

4356 DogServant the Carver (level 10, -13/83 HPs)
             Began as a Purple Draconian Warper on Oct 23, 2020.
             Was a Follower of Ashenzari.
             Killed from afar by Erica (19 damage)
             ... with an iceblast
             ... on level 9 of the Dungeon.
             The game lasted 00:24:43 (13474 turns).

DogServant the Carver (Purple Draconian Warper)    Turns: 13474, Time: 00:24:44

Health: -13/83     AC:  9    Str: 20    XL:     10   Next: 12%
Magic:  13/16      EV: 14    Int: 15    God:    Ashenzari [*.....]
Gold:   56         SH:  0    Dex: 12    Spells: 1/18 levels left

rFire    . . .     SeeInvis .   L - +5 great sword (vorpal)
rCold    . . .     Gourm    .   (shield currently unavailable)
rNeg     . . .     Faith    .   (armour unavailable)
rPois    .         Spirit   .   u - +2 hat (curse)
rElec    .         Reflect  .   (no cloak)
rCorr    .         Harm     .   (no gloves)
MR       +....                  (no boots)
Stlth    +.........             (no amulet)
HPRegen  0.23/turn              F - +6 ring of strength (curse)
MPRegen  0.15/turn              (no ring)

@: lethally poisoned (-13 -> -23), shrouded, slowed, very slow
A: breathe power, unfitting armour, cold-blooded, AC +7
a: Breathe Dispelling Energy, Curse Item, Scrying, Renounce Religion


You were on level 9 of the Dungeon.
You worshipped Ashenzari.
Ashenzari was aware of your devotion.
You were not hungry.

You visited 2 branches of the dungeon, and saw 10 of its levels.

You collected 606 gold pieces.
You spent 550 gold pieces at shops.

Inventory:

Hand Weapons
 a - a +1 falchion
 p - a +2 quarterstaff of holy wrath
 E - a +0 long sword
 L - a +5 vorpal great sword (weapon)
Missiles
 d - a boomerang of dispersal (quivered)
 e - 10 boomerangs
Armour
 u - a cursed +2 hat (worn)
Jewellery
 o - an uncursed ring of ice
 q - an uncursed ring of ice
 v - an uncursed ring of protection from cold
 z - an uncursed ring of ice
 F - a cursed +6 ring of strength (left hand)
Wands
 k - a wand of clouds (6)
 x - a wand of digging (7)
 G - a wand of paralysis (4)
 J - a wand of acid (11)
 K - a wand of iceblast (5)
Scrolls
 c - a scroll of blinking
 g - a scroll of noise
 j - 4 scrolls of teleportation
 t - a scroll of enchant armour {unknown}
 w - 3 scrolls of amnesia {unknown}
 y - 3 scrolls of remove curse
 A - 2 scrolls of identify
 H - a scroll of random uselessness {unknown}
Potions
 h - a potion of cancellation
 i - 4 potions of mutation
 l - 2 potions of degeneration
 m - 2 potions of stabbing
 n - a potion of lignification
 r - a potion of haste
 s - 2 potions of curing
 B - 3 potions of resistance {unknown}
 C - 2 potions of ambrosia {unknown}
 D - a potion of might
 I - a potion of heal wounds {unknown}
Comestibles
 f - 7 rations


   Skills:
 - Level 5.9 Fighting
 + Level 9.4 Long Blades
 - Level 1.0 Throwing
 + Level 4.6 Dodging
 - Level 4.6 Spellcasting
 - Level 5.3 Charms
 + Level 7.6 Translocations


You had one spell level left.
You knew the following spells:

 Your Spells              Type           Power        Failure   Level  Hunger
a - Blink                 Tloc           N/A          1%          2    ##.....
b - Shroud of Golubria    Chrm/Tloc      ###...       1%          2    ##.....
c - Teleport Other        Tloc           ####....     2%          3    ###....
d - Lesser Beckoning      Tloc           ####......   2%          3    ###....
e - Gell's Gravitas       Tloc           ####......   2%          3    ###....
f - Passage of Golubria   Tloc           N/A          8%          4    ####...

Your spell library contained the following spells:

 Spells                   Type           Power        Failure   Level  Hunger


Dungeon Overview and Level Annotations

Branches:
Dungeon (9/15)             Temple (1/1) D:5
   Lair: D:8-11         Orc: D:9-12

Altars:
Ashenzari
Cheibriados
Dithmenos
Elyvilon
Gozag
Hepliaklqana
Kikubaaqudgha
Nemelex Xobeh
Okawaru
Qazlal
Ru
Sif Muna
Trog
Uskayaw
Vehumet
Wu Jian
Xom
Zin
The Shining One

Shops:
D:6 !   D:7 *

Annotations:
D:3 2 runed translucent doors, KyoPewz's ghost, amateur DECj
D:4 2 transporters, Curus's ghost, amateur MiGl
D:6 1 runed translucent door, Crazy Yiuf
D:9 Erica


Innate Abilities, Weirdness & Mutations

You can breathe bolts of dispelling energy.
Your rich purple scales are hard. (AC +7)
You cannot fit into any form of body armour.
You are cold-blooded and may be slowed by cold attacks.


Message History

You are poisoned.
* * * LOW HITPOINT WARNING * * *
Your shroud bends something's attack away.
You feel better.
Your shroud bends something's attack away.
Okay, then.
Casting: Lesser Beckoning (mildly dangerous; 2% risk of failure)
Confirm with . or Enter, or press ? or * to list all spells.
You blink.
You hear some strange, mumbled words.
A bolt of poison appears from out of thin air!
The bolt of poison hits you!
You are poisoned.
* * * LOW HITPOINT WARNING * * *
* * * LOW HITPOINT WARNING * * *
You feel very sick.
You hear a zap.
An iceblast appears from out of thin air!
The mass of ice explodes!
The iceblast engulfs you!!
You die...

#.# #.# #.......(
#.# #.# ##....(..
#.###.###.#
##.....#
#...{.....#
##...##
#####.##### ##'##
#.# #.# #.#
##)### #.# #.....
#@# ##(..## #.#
#####.....# #.#
#........##
#.######.#####.##
#........# #.#
########## #.#
#.# ### ###


There were no monsters in sight!

Vanquished Creatures
  Harold (D:9)
  Sigmund (D:4)
  3 humans (D:7)
  Edmund (D:6)
  Duvessa (D:6)
  An orc warrior (D:8)
  3 phantoms
  3 sky beasts
  2 ogres
  3 centaurs
  A bullfrog (D:7)
  Dowan (D:6)
  4 scorpions
  4 wights (D:8)
  A howler monkey (D:9)
  3 crimson imps
  A quasit (D:7)
  3 hounds
  4 jellies
  5 bullfrog zombies
  2 centaur zombies
  4 orc wizards
  A centaur skeleton (D:4)
  An orc priest (D:2)
  A bullfrog skeleton (D:8)
  5 worker ants
  2 iguanas (D:4)
  A hound zombie (D:8)
  A hound skeleton (D:7)
  2 worker ant zombies
  A howler monkey zombie (D:8)
  12 adders
  4 gnolls
  An ooze (D:2)
  3 adder zombies
  3 adder skeletons
  4 worms
  3 dart slugs
  4 leopard geckos
  18 orcs
  4 ball pythons
  3 giant cockroaches
  2 goblins (D:2)
  5 hobgoblins
  12 jackals
  A quokka (D:4)
  7 bats
  5 frilled lizards
  9 kobolds
  3 leopard gecko skeletons
  A quokka skeleton (D:4)
  2 quokka zombies
  7 rats
180 creatures vanquished.

Notes
Turn   | Place    | Note
-------+----------+-------------------------------------------
     0 | D:1      | DogServant the Draconian Warper began the quest for the
                  | Orb.
     0 | D:1      | Reached XP level 1. HP: 17/17 MP: 3/3
   592 | D:1      | Reached XP level 2. HP: 13/25 MP: 5/5
   771 | D:1      | Learned a level 2 spell: Blink
   774 | D:1      | Learned a level 2 spell: Shroud of Golubria
  1641 | D:2      | Reached XP level 3. HP: 24/31 MP: 3/6
  2022 | D:2      | Reached skill level 3 in Long Blades
  2390 | D:2      | Reached skill level 1 in Charms
  2390 | D:2      | Reached XP level 4. HP: 32/38 MP: 7/7
  2636 | D:3      | Found a large runed translucent door.
  2637 | D:3      | Found a large runed translucent door.
  2639 | D:3      | Noticed KyoPewz's ghost (amateur DECj)
  2887 | D:3      | Reached XP level 5. HP: 31/45 MP: 5/8
  3390 | D:4      | Noticed Sigmund
  3411 | D:4      | Killed Sigmund
  3411 | D:4      | Reached skill level 4 in Long Blades
  3411 | D:4      | Reached XP level 6. HP: 39/51 MP: 6/9
  3980 | D:4      | Found a transporter.
  3983 | D:4      | Noticed Curus's ghost (amateur MiGl)
  3984 | D:4      | Found a transporter.
  4066 | D:4      | Your scales start taking on a rich purple colour.
  4066 | D:4      | Reached XP level 7. HP: 57/57 MP: 10/10
  4071 | D:4      | Learned a level 3 spell: Teleport Other
  4075 | D:4      | Learned a level 3 spell: Lesser Beckoning
  4260 | D:4      | Reached skill level 5 in Translocations
  4745 | D:4      | Reached skill level 5 in Long Blades
  5557 | D:5      | Entered Level 5 of the Dungeon
  5910 | D:5      | Found a staircase to the Ecumenical Temple.
  6020 | D:5      | Reached skill level 5 in Charms
  6030 | Temple   | Entered the Ecumenical Temple
  6253 | Temple   | Became a worshipper of Ashenzari the Shackled
  6466 | D:6      | Noticed Duvessa
  6468 | D:6      | Noticed Dowan
  6657 | D:6      | Reached XP level 8. HP: 62/63 MP: 11/11
  7132 | D:6      | Reached skill level 6 in Long Blades
  7512 | D:6      | Killed Duvessa
  7885 | D:6      | Noticed Edmund
  8180 | D:6      | Killed Edmund
  8577 | D:6      | Found Ygofuh's Distillery.
  8633 | D:6      | Found a shadowy altar of Dithmenos.
  8653 | D:6      | Found a radiant altar of Vehumet.
  8653 | D:6      | Found a white marble altar of Elyvilon.
  8791 | D:6      | Killed Dowan
  8977 | D:6      | Found a runed translucent door.
  8978 | D:6      | Noticed Crazy Yiuf
  9263 | D:7      | Reached skill level 7 in Long Blades
  9525 | D:7      | Reached XP level 9. HP: 31/69 MP: 9/14
 10885 | D:7      | Found Kupoxt's General Store.
 11322 | D:7      | Reached skill level 8 in Long Blades
 11651 | D:8      | Learned a level 3 spell: Gell's Gravitas
 11656 | D:8      | Learned a level 4 spell: Passage of Golubria
 11697 | D:8      | Reached skill level 1 in Throwing
 11846 | D:8      | Reached skill level 5 in Fighting
 12165 | D:8      | Reached * piety under Ashenzari
 12623 | D:8      | Reached skill level 9 in Long Blades
 12764 | D:8      | Found an ornate altar of the Wu Jian Council.
 12909 | D:7      | Bought a +5 vorpal great sword for 550 gold pieces
 13400 | D:9      | Noticed Harold
 13409 | D:9      | Killed Harold
 13409 | D:9      | Reached XP level 10. HP: 83/83 MP: 14/16
 13455 | D:9      | Noticed Erica
 13474 | D:9      | Killed from afar by Erica

Illustrated notes

Levels and vault maps discovered:
D:1:      nzn_arrival_crosshair, layout_loops_ring
D:2:      layout_basic
D:3:      layout_loops_ring, ebering_ghost_disaster_area
D:4:      layout_loops_corners, serial_undead, serial_undead_c, serial_undead_c,
          serial_undead_e, serial_undead_e, gammafunk_ghost_smash, uniq_sigmund
D:5:      layout_cave_pools, minmay_temple_entry_statues_fountains, first_ration
D:6:      layout_rooms, gammafunk_temple_overflow_statue, serial_shops, shop,
          st_stairs_8, lemuel_tele_altar, uniq_edmund, uniq_crazy_yiuf_cottage,
          uniq_duvessa
D:7:      layout_basic, serial_shops, nicolae_shop_statue_plus, minmay_ruffians
D:8:      layout_cave_pods, kennysheep_mini
D:9:      minmay_klotski, layout_loops_corners, gammafunk_temple_overflow_claw,
          hangedman_fish_farm, uniq_erica, uniq_harold
Temple:   eino_temple_rhombus

Skill      XL: |  1  2  3  4  5  6  7  8  9 |
---------------+----------------------------+-----
Fighting       | 3 5 |  5.9
Long Blades    | 3 4 5 7 9 |  9.4
Charms         | 1 2 3 5 |  5.3
Translocations | 4 5 7 |  7.6
Dodging        | 3 4 |  4.6
Spellcasting   | 3 4 |  4.6
Throwing       | 1 |  1.0

Action                   |  1- 3 |  4- 6 |  7- 9 | 10-12 || total
-------------------------+-------+-------+-------+-------++-------
Melee: Falchion          |    99 |       |       |       ||    99
       Tailslap          |    20 |    14 |    68 |     1 ||   103
       Quarterstaff      |    25 |   136 |   459 |       ||   620
       Long sword        |       |       |    23 |       ||    23
       Great sword       |       |       |    18 |     3 ||    21
Throw: Boomerang         |       |     2 |     2 |       ||     4
       Throwing net      |       |       |     1 |       ||     1
 Cast: Shroud of Golubri |     1 |    11 |    43 |     1 ||    56
       Blink             |       |     3 |     6 |     1 ||    10
       Teleport Other    |       |       |    22 |       ||    22
       Lesser Beckoning  |       |       |     7 |     1 ||     8
       Gell's Gravitas   |       |       |     5 |       ||     5
Invok: Curse Item        |       |       |     2 |       ||     2
 Abil: Breathe Dispellin |       |       |     5 |       ||     5
  Use: Scroll            |     5 |       |     7 |       ||    12
       Potion            |       |       |       |     1 ||     1
 Stab: Sleeping          |     1 |     1 |     2 |       ||     4
       Held in net/web   |       |       |     1 |       ||     1
  Eat: Chunk             |     5 |     6 |    17 |       ||    28
       Ration            |       |       |     6 |     1 ||     7
Armor: Skin              |    40 |    51 |   179 |     1 ||   271
Dodge: Dodged            |    88 |   107 |   387 |     1 ||   583
       Rpst.: Falchion   |    23 |       |       |       ||    23
       Great sword       |       |       |     2 |     1 ||     3
       Long sword        |       |       |     1 |       ||     1
